AoeStats
← éomer

Glade

510291647Analyzed
1v1 RM · 10h ago on Sep 30, 2026· 39m 28s· 2 players
Game mode
Random Map
Map size
Tiny (2 player)
Population
200
Speed
Normal
Resources
Standard
Victory
Conquest
Starting age
Dark Age
Ending age
Imperial Age
RankedLock teamsTeams togetherTeam positionsShared explorationLock speedFull tech treeHidden civsTurbo modeCheats
Victory
Defeat
🇰🇷 Saxons · South Korea
1803
+11
🇹🇷 Magyars · Türkiye
1690
-11
éomer
11:12 Feudal Age
9:30 Loom
11:16 Feudal Age
15:27 Castle Age
20:17 Double-Bit Axe
24:38 Horse Collar
25:55 Sanctity
26:59 Wheelbarrow
28:09 Bow Saw
29:09 Fervor
33:37 Imperial Age
32:17 Town Watch
33:31 Ballistics
33:02 Fletching
33:38 Bloodlines
33:28 Husbandry
34:47 Hand Cart
34:33 Bodkin Arrow
35:43 Chemistry
35:45 Bracer
37:21 Thumb Ring
38:54 Padded Archer Armor
Billy Pilgrim
5:11 Loom
8:59 Feudal Age
10:08 Double-Bit Axe
10:33 Man-at-Arms
11:47 Arson
20:38 Castle Age
18:37 Horse Collar
19:42 Gold Mining
20:19 Forging
20:40 Scale Mail Armor
22:44 Gold Shaft Mining
23:12 Wheelbarrow
23:32 Chain Mail Armor
23:38 Bow Saw
25:50 Iron Casting
26:32 Squires
26:43 Stone Mining
28:23 Hand Cart
30:04 Devotion
29:54 Gambesons
31:08 Clerical Recruitment
32:57 Gold Shaft Mining
32:13 Town Watch
33:38 Fletching
36:37 Imperial Age
34:13 Atonement
35:26 Sanctity
35:19 Redemption
35:44 Bodkin Arrow
38:38 Plate Mail Armor
37:50 Elite Varangian Guard
39:06 Bracer
39:07 Padded Archer Armor
39:39 Plate Mail Armor
39:12 Padded Archer Armor
39:31 Thumb Ring
39:35 Heavy Plow
40:35 Two-Man Saw
Connection lost

Rejoining the realm…

Still unreachable

The connection could not be restored.

Session expired

The server has moved on; the page needs a fresh start.